 Dungeon Crawl Stone Soup version 0.23.1 (webtiles) character file.

Game seed: 9266915421477628674

31 EtherCrawl the Insei (level 3, -2/23 HPs)
             Began as an Octopode Transmuter on Mar 1, 2019.
             Was a Follower of Elyvilon.
             Slain by a kobold
             ... wielding a +0 short sword
              (4 damage)
             ... on level 2 of the Dungeon.
             The game lasted 00:02:51 (1423 turns).

EtherCrawl the Insei (Octopode Transmuter)          Turns: 1423, Time: 00:02:51

Health: -2/23      AC:  1    Str:  9    XL:     3   Next: 22%
Magic:  0/6        EV: 13    Int: 16    God:    Elyvilon [*.....]
Gold:   49         SH:  0    Dex: 12    Spells: 3/6 levels left

rFire    . . .     SeeInvis .     - Unarmed
rCold    . . .     Gourm    +   (no shield)
rNeg     . . .     Faith    .   (helmet restricted)
rPois    .         Spirit   .   i - amulet of the gourmand (curse)
rElec    .         Reflect  .   (no ring)
rCorr    .         Harm     .   (no ring)
MR       .....                  (no ring)
Stlth    ++........             (no ring)
HPRegen  0.07/turn              (no ring)
MPRegen  0.10/turn              (no ring)
                                (no ring)
                                (no ring)

@: no status effects
A: almost no armour, stealthy swim, amphibious, 8 rings, constrict 8, camouflage
1, gelatinous body 1
a: Lesser Healing, Divine Protection, Renounce Religion


You were on level 2 of the Dungeon.
You worshipped Elyvilon.
Elyvilon was aware of your devotion.
You were very full.

You visited 1 branch of the dungeon, and saw 2 of its levels.

You collected 49 gold pieces.

Inventory:

Hand Weapons
 q - a +0 hunting sling
Missiles
 a - 9 arrows
 o - 24 bolts
 p - 15 stones (quivered)
Jewellery
 i - a cursed amulet of the gourmand (around mantle)
Scrolls
 f - a scroll of enchant weapon {unknown}
 j - 4 scrolls of identify {unknown}
 k - a scroll of teleportation {unknown}
 m - a scroll of blinking {unknown}
 n - a scroll of remove curse {unknown}
 s - a scroll of random uselessness {unknown}
Potions
 b - a potion of degeneration {unknown}
 d - 3 potions of agility {unknown}
 e - 2 potions of might {unknown}
 g - 2 potions of haste {unknown}
 h - 2 potions of mutation {unknown}
 l - 3 potions of ambrosia {unknown}
Comestibles
 c - 3 rations


   Skills:
 + Level 1.4 Fighting
 - Level 2.0 Dodging
 * Level 3.4 Unarmed Combat
 + Level 2.2 Spellcasting
 * Level 2.5 Transmutations


You had 3 spell levels left.
You knew the following spells:

 Your Spells              Type           Power        Failure   Level  Hunger
a - Beastly Appendage     Tmut           ##....       7%          1    #......
b - Sticks to Snakes      Tmut           ##......     11%         2    ###....

Your spell library contained the following spells:

 Spells                   Type           Power        Failure   Level  Hunger
 Spider Form              Tmut/Pois      #.........   34%         3    ###....
 Ice Form                 Ice/Tmut       #.......     75%         4    #####..
 Blade Hands              Tmut           ##........   89%         5    ######.


Dungeon Overview and Level Annotations

Branches:
Dungeon (2/15)

Altars:
Elyvilon


Innate Abilities, Weirdness & Mutations

You cannot wear most types of armour.
You are very stealthy in the water. (Stealth+)
You are amphibious.
You can wear up to eight rings at the same time.
You can use your tentacles to constrict eight enemies at once.
Your skin changes colour to match your surroundings (Stealth+).
Your rubbery body absorbs attacks. (AC +1, EV +1)


Message History

The bat hits you.
* * * LOW HITPOINT WARNING * * *
You closely miss the bat. You grab the bat. You tentacle-slap the bat.
The bat is heavily wounded.
You constrict the bat. The bat barely misses you.
You tentacle-slap the bat but do no damage.
You tentacle-slap the bat.
You kill the bat!
The adder misses you.
You miss the adder. Your grab misses the adder. Your squeeze misses the adder.
The adder is heavily wounded.
The adder bites you.
* * * LOW HITPOINT WARNING * * *
You are healed.
You feel somewhat less full. The adder misses you. The adder bites you.
* * * LOW HITPOINT WARNING * * *
You barely miss the adder. Your grab misses the adder.
The adder is heavily wounded.
The kobold hits you with a +0 short sword.
You die...

#.......###.#######
#.......#.......#
##########
#.......#.......#
#........#
#########.......#
#........## #.......#
#.......... #..s....#
#........#. ###.#####
#........##
#.#########........##
#.sS@.....#..........
##.K............)....
#.........######....
#.........# #....
#.........# #....
#.........# #....
########+## #....
###)# #.#


You could see an adder, a giant cockroach and a kobold.

Vanquished Creatures
  An adder (D:2)
  A worm (D:2)
  A dart slug (D:1)
  5 goblins
  A hobgoblin (D:2)
  A ball python (D:1)
  2 bats (D:2)
  2 frilled lizards (D:1)
  2 kobolds
  3 rats (D:1)
19 creatures vanquished.

Notes
Turn   | Place    | Note
-------+----------+-------------------------------------------
     0 | D:1      | EtherCrawl the Octopode Transmuter began the quest for the
                  | Orb.
     0 | D:1      | Reached XP level 1. HP: 13/13 MP: 3/3
   371 | D:1      | Reached XP level 2. HP: 18/18 MP: 3/5
   809 | D:2      | Found a faded altar of an unknown god.
   834 | D:2      | Reached XP level 3. HP: 7/23 MP: 4/6
  1072 | D:2      | Became a worshipper of Elyvilon the Healer
  1072 | D:2      | Reached * piety under Elyvilon
  1127 | D:2      | Learned a level 2 spell: Sticks to Snakes
  1421 | D:2      | HP: 1/23 [adder (2)]
  1423 | D:2      | Slain by a kobold

Action                   || total
-------------------------++-------
Melee: Unarmed           ||    49
       Constrict         ||    12
       Kick              ||     5
       Tentacles         ||     3
       Punch             ||     2
 Cast: Beastly Appendage ||    11
       Sticks to Snakes  ||     3
Invok: Lesser Healing    ||     6
 Stab: Sleeping          ||     5
  Eat: Chunk             ||    14
Armor: Skin              ||    12
Dodge: Dodged            ||    74
